 Dungeon Crawl Stone Soup version 0.29.1-14-g9c671dbff4 (webtiles) character file.

Game seed: 3994895533838679074

18 Heoruswealwe the Trooper (level 2, -1/25 HPs)
             Began as a Demigod Fighter on Feb 17, 2023.
             Succumbed to a gnoll's poison
             ... on level 1 of the Dungeon.
             The game lasted 00:09:14 (1081 turns).

Heoruswealwe the Trooper (Demigod Fighter)          Turns: 1081, Time: 00:09:15

Health: -1/25      AC:  7    Str: 17    XL:     2   Next: 36%
Magic:  4/4        EV:  9    Int: 10    God:
Gold:   35         SH:  4    Dex: 13    Spells: 1/1 levels left

rFire   . . .      SeeInvis .   a - +0 trident
rCold   . . .      Faith    .   c - +0 buckler
rNeg    . . .      Spirit   .   b - +0 scale mail
rPois   .          Reflect  .   (no helmet)
rElec   .          Harm     .   (no cloak)
rCorr   .          Rampage  .   (no gloves)
Will    .....                   n - +0 pair of boots
Stlth   ..........              (no amulet)
HPRegen 0.08/turn               (no ring)
MPRegen 0.09/turn               (no ring)

@: lethally poisoned (-1 -> -15)
A: high MP 1, forlorn, divine attributes
a: no special abilities


You were on level 1 of the Dungeon.
You visited 1 branch of the dungeon, and saw 1 of its levels.

You collected 35 gold pieces.

Inventory:

Hand Weapons
 a - a +0 trident (weapon)
 f - a +0 spear
 h - a +0 club
 o - a +0 whip
 p - a +1 vorpal hand axe
 q - a +0 sling
Missiles
 g - 10 stones (quivered)
 r - 4 poisoned darts
Armour
 b - a +0 scale mail (worn)
 c - a +0 buckler (worn)
 m - a +0 robe
 n - a +0 pair of boots (worn)
Jewellery
 l - a ring of protection from cold
Scrolls
 e - 2 scrolls of identify {unknown}
 i - a scroll of poison {unknown}
 j - a scroll of fear {unknown}
Potions
 d - a potion of might
 k - 2 potions of invisibility {unknown}


   Skills:
 + Level 2.9 Fighting
 + Level 2.1 Polearms
 + Level 2.9 Armour
 + Level 2.9 Shields


You had one spell level left.
You didn't know any spells.
Your spell library contained the following spells:

 Spells                   Type           Power      Damage    Failure   Level
 Gell's Gravitas          Tloc           0%         N/A       99%         3
 Passage of Golubria      Tloc           0%         N/A       100%        4
 Yara's Violent Unravell  Hex/Tmut       0%         3d3       100%        5


Dungeon Overview and Level Annotations

Branches:
Dungeon (1/15)

Shops:
D:1 =


Innate Abilities, Weirdness & Mutations

You have an increased reservoir of magic. (+10% MP)
You shall have no god before yourself.
Your divine heritage dramatically boosts your attributes as you level up.


Message History

The quokka bites you.
The endoplasm quivers.
You hit the quokka.
You kill the quokka!
You see here a quokka corpse.
A dart slug comes into view.
The gnoll hits you with a +0 whip of venom.
You barely miss the gnoll. You block the gnoll's attack.
You hit the gnoll.
The gnoll is moderately wounded.
You block the endoplasm's attack. The gnoll barely misses you.
You barely miss the gnoll.
The gnoll is moderately wounded.
The gnoll hits you with a +0 whip of venom.
You are lethally poisoned!
You block the endoplasm's attack.
You puncture the gnoll!
The gnoll is almost dead.
You feel very sick. The endoplasm hits you. The gnoll closely misses you.
You closely miss the gnoll.
The gnoll is almost dead.
You feel very sick. The endoplasm freezes you.
You are frozen.
* * * LOW HITPOINT WARNING * * *
You block the gnoll's attack.
The endoplasm hits you but does no damage.
The gnoll closely misses you.
You hit the gnoll but do no damage.
The gnoll is almost dead.
* * * LOW HITPOINT WARNING * * *
You feel sick.
The gnoll hits you with a +0 whip of venom.
* * * LOW HITPOINT WARNING * * *
You are more poisoned.
The endoplasm hits you but does no damage.
You barely miss the gnoll.
The gnoll is almost dead.
You die...

#.### #...# .........
###.######## .........
...........# ........
##########.# #......
.........#.#####....# ##
###.####.#....##w.~# ≈≈
.......#.#.##.##gJ# ≈#≈≈
.#####.#.#.##.##@~#≈≈≈≈#
.#...#.#.#.#..##†~≈#
.#...#.#.#.##.##.#≈≈≈≈≈≈
.#.<...#.'.##....##≈≈#≈#
.#...#.#.#.#..##..#≈≈≈≈
.#..^#.#.#.##.##..# #≈≈~
.#####.#.#.##.##.... ###
.......#.#....##.....
###.####.#.#..###.#.##


You could see a gnoll, a dart slug and an endoplasm.

Vanquished Creatures
  2 bats (D:1)
  2 endoplasms (D:1)
  A goblin (D:1)
  3 hobgoblins (D:1)
  A kobold (D:1)
  2 quokkas (D:1)
  3 ball pythons (D:1)
  A frilled lizard (D:1)
  2 rats (D:1)
17 creatures vanquished.

Vanquished Creatures (others)
  15 fungi (D:1)
15 creatures vanquished.

Grand Total: 32 creatures vanquished

Notes
Turn   | Place    | Note
-------+----------+-------------------------------------------
     0 | D:1      | Heoruswealwe the Demigod Fighter began the quest for the
                  | Orb.
     0 | D:1      | Reached XP level 1. HP: 18/18 MP: 3/3
   305 | D:1      | Found Kuuntyp's Jewellery Shop.
   429 | D:1      | Reached XP level 2. HP: 11/25 MP: 4/4
   564 | D:1      | Got the Reference Book on Hyperbolic Transmogrification
  1081 | D:1      | Succumbed to a gnoll's poison

Illustrated notes

Levels and vault maps discovered:
D:1:      matt_arrival_refuge, layout_loops_corners, serial_shops, shop,
          serial_glass, glass_columns_a, glass_columns_a,
          shapermc_ecumenical_altar_totnotflames, kennysheep_doodads,
          dreamdust_mushroom_princess, grunt_decor_resistance, minivault_4,
          chequers_serial_rivers_small_3, grunt_decor_one_mirror,
          chequers_serial_rivers_micro_c

Skill      XL: |  1 |
---------------+----+-----
Polearms       | 2 |  2.1
Fighting       | |  2.9
Armour         | |  2.9
Shields        | |  2.9

Action                   || total
-------------------------++-------
Melee: Trident           ||   103
Armor: Scale mail        ||    19
Dodge: Dodged            ||    27
Block: Buckler           ||    12
